 Dungeon Crawl Stone Soup version 0.25-a0-413-g3b4b6a4ccc (webtiles) character file.

Game seed: 6624722749263382196, levelgen mode: deterministic

1904 Gargoyl the Skirmisher (level 8, 0/68 HPs)
             Began as a Centaur Abyssal Knight on Jan 16, 2020.
             Was a Priest of Lugonu.
             Succumbed to a gnoll sergeant's poison
             ... on level 6 of the Dungeon.
             The game lasted 00:11:38 (8728 turns).

Gargoyl the Skirmisher (Centaur Abyssal Knight)     Turns: 8728, Time: 00:11:39

Health: 0/68       AC:  9    Str: 16    XL:     8   Next: 94%
Magic:  11/11      EV: 10    Int: 11    God:    Lugonu [***...]
Gold:   150        SH:  5    Dex: 10    Spells: 7/7 levels left

rFire    . . .     SeeInvis .   h - +1 short sword (venom)
rCold    . . .     Gourm    .   y - +2 buckler
rNeg     + . .     Faith    .   e - +2 leather armour {MR+}
rPois    +         Spirit   .   f - +1 hat
rElec    .         Reflect  .   (no cloak)
rCorr    .         Harm     .   j - +0 pair of gloves
MR       +....                  (no barding)
Stlth    ..........             (no amulet)
HPRegen  0.21/turn              i - ring of positive energy
MPRegen  0.12/turn              p - ring of poison resistance

@: lethally poisoned (0 -> -5), very quick
A: large, hooves 3, deformed body, speed 2, tough skin 3
a: Depart the Abyss, Bend Space, Banish, Renounce Religion


You were on level 6 of the Dungeon.
You worshipped Lugonu.
Lugonu was most pleased with you.
You were not hungry.

You visited 1 branch of the dungeon, and saw 7 of its levels.
You visited the Abyss 1 time.
You also visited: Sewer.

You collected 416 gold pieces.
You spent 266 gold pieces at shops.

Inventory:

Hand Weapons
 a - a +2 hand axe
 h - a +1 short sword of venom (weapon)
Missiles
 q - 2 boomerangs (quivered)
Armour
 e - a +2 leather armour of magic resistance (worn)
 f - a +1 hat (worn)
 j - a +0 pair of gloves (worn)
 y - a +2 buckler (worn)
Jewellery
 i - a ring of positive energy (left hand)
 o - an uncursed ring of protection from cold
 p - a ring of poison resistance (right hand)
Wands
 d - a wand of enslavement (4)
 u - a wand of polymorph (10)
Scrolls
 b - a scroll of amnesia {unknown}
 l - 3 scrolls of identify
 m - 3 scrolls of teleportation
 n - a scroll of remove curse
 r - a scroll of fog
 w - a scroll of blinking
 z - a scroll of enchant armour {unknown}
Potions
 g - 3 potions of curing {unknown}
 k - 3 potions of agility {unknown}
 s - 4 potions of invisibility {unknown}
 t - a potion of resistance {unknown}
 v - 3 potions of flight {unknown}
 x - 2 potions of might {unknown}
 B - a potion of haste
Comestibles
 c - 6 rations


   Skills:
 + Level 5.1 Fighting
 + Level 4.8 Short Blades
 + Level 2.2 Axes
 * Level 5.1 Armour
 * Level 3.5 Dodging
 + Level 0.4 Shields
 * Level 4.8 Invocations
 + Level 0.7 Evocations


You had 7 spell levels left.
You didn't know any spells.
Your spell library was empty.

Dungeon Overview and Level Annotations

Branches:
Dungeon (7/15)             Temple (0/1) D:4           Sewer (visited)

Altars:
Vehumet

Shops:
D:4 !%[   D:5 [


Innate Abilities, Weirdness & Mutations

You have hooves in place of feet.
Armour fits poorly on your strangely shaped body.
You cover ground very quickly.
You have extremely tough skin. (AC +3)


Message History

You hit the gnoll.
The gnoll looks as sick as possible!
The gnoll is severely wounded.
You kill the gnoll!
Lugonu accepts your kill. The gnoll sergeant barely misses you.
The gnoll hits you with a +0 spear of piercing.
The gnoll hits you with a +0 spear.
The gnoll hits you from afar with a +0 spear.
The gnoll barely misses you.
The gnoll sergeant hits you with a +4 trident of venom!
* * * LOW HITPOINT WARNING * * *
You see here a +0 flail.
You barely miss the gnoll sergeant. You block the gnoll's attack. x2
The gnoll hits you with a +0 spear of piercing.
* * * LOW HITPOINT WARNING * * *
x2 The gnoll sergeant hits you with a +4 trident of venom.
* * * LOW HITPOINT WARNING * * *
You are lethally poisoned!
The gnoll sergeant blocks your attack.
You die...

####+###### ######
#......... .......
#........# ........
#........# .........
#......g.# .........
#.....g@g# .........
#......g.# .........
#........##+###.........
#......................#
#.........$............'
#.....................<#
#......................#
#......................#
......................#


You could see a gnoll sergeant and 3 gnolls.

Vanquished Creatures
  A sky beast (D:5)
  An ice beast (D:4)
  5 ogres
  3 centaurs
  A bullfrog (D:5)
  A howler monkey (D:4)
  2 crimson imps
  A jelly (D:5)
  6 orc priests
  2 centaur skeletons
  A hound (D:6)
  4 orc wizards (D:5)
  A bullfrog skeleton (D:4)
  2 worker ants
  A hound skeleton (D:7)
  A worker ant zombie (D:5)
  8 gnolls
  11 adders
  2 river rats (D:6)
  2 shadow imps (D:6)
  5 oozes (Sewer)
  6 worms
  2 dart slugs
  9 leopard geckos
  17 orcs
  10 bats
  6 giant cockroaches
  5 goblins
  5 hobgoblins
  19 jackals
  2 quokkas (D:4)
  5 ball pythons
  5 frilled lizards
  5 kobolds
  10 rats
167 creatures vanquished.

Vanquished Creatures (collateral kills)
  An orc (D:5)
1 creature vanquished.

Grand Total: 168 creatures vanquished

Notes
Turn   | Place    | Note
-------+----------+-------------------------------------------
     0 | Abyss:1  | Gargoyl the Centaur Abyssal Knight began the quest for the
                  | Orb.
     0 | Abyss:1  | Reached XP level 1. HP: 19/19 MP: 2/2
    66 | Abyss:1  | Noticed a quicksilver dragon simulacrum
    72 | Abyss:1  | Noticed a small abomination
    94 | Abyss:2  | Noticed a small abomination
   129 | Abyss:2  | Noticed a starcursed mass
   222 | Abyss:3  | Noticed a thrashing horror
   222 | Abyss:3  | Noticed a thrashing horror
   222 | Abyss:3  | Noticed a thrashing horror
   222 | D:1      | Escaped the Abyss
   593 | D:1      | Reached XP level 2. HP: 14/26 MP: 3/3
   599 | D:1      | Reached skill level 1 in Dodging
   602 | D:1      | Reached * piety under Lugonu
   981 | D:1      | Reached XP level 3. HP: 31/31 MP: 4/4
  1705 | D:2      | Found a radiant altar of Vehumet.
  1771 | D:2      | Reached XP level 4. HP: 32/40 MP: 5/5
  3133 | D:3      | Reached XP level 5. HP: 37/46 MP: 6/6
  3238 | D:3      | Reached ** piety under Lugonu
  3583 | D:4      | Noticed an ogre
  3586 | D:4      | Noticed an ogre
  3648 | D:3      | Killed an ogre
  3648 | D:3      | Reached skill level 1 in Short Blades
  3801 | D:4      | Found Geoceita's Food Emporium.
  3852 | D:4      | Reached XP level 6. HP: 19/52 MP: 8/8
  3932 | D:4      | Found Vatzisaw's Antique Armour Emporium.
  4066 | D:4      | Found a staircase to the Ecumenical Temple.
  4172 | D:5      | Entered Level 5 of the Dungeon
  4667 | D:5      | Reached XP level 7. HP: 46/60 MP: 9/9
  4873 | D:5      | Found Bajaedd's Armour Emporium.
  4876 | D:5      | Bought a +2 leather armour of magic resistance for 266 gold
                  | pieces
  5358 | D:4      | Found Sukhiuzuak's Distillery.
  5878 | D:5      | Reached XP level 8. HP: 45/67 MP: 9/11
  6642 | D:6      | Found a glowing drain.
  6658 | Sewer    | Entered a sewer
  6667 | Sewer    | Reached *** piety under Lugonu
  8192 | D:6      | Reached skill level 5 in Fighting
  8226 | D:6      | Reached skill level 5 in Armour
  8727 | D:6      | HP: 1/68 [gnoll sergeant/+4 trident of venom (4)]
  8728 | D:6      | Succumbed to a gnoll sergeant's poison

Levels and vault maps discovered:
D:1:      sevenhm_arrival_forest_fort_large_4, layout_basic, dk_noncrumbling_2
D:2:      layout_rooms, nicolae_overflow_hidden_temple
D:3:      layout_loops_corners
D:4:      layout_basic, minmay_temple_entry_drinking_statues, first_ration,
          serial_shops, kennysheep_mini, nicolae_shop_behind_doors,
          shop_fountains
D:5:      layout_loops_ring, serial_shops, nicolae_shop_behind_doors,
          st_stairs_6, kennysheep_generic_room_8
D:6:      layout_gridville, portal_sewer_entry_a, serial_shops,
          nicolae_shop_waterfront
D:7:      minmay_the_grid_octo_tiled_squarecenter [minmay_the_grid_octo_toaster,
          minmay_the_grid_octo_empty, minmay_the_grid_octo_horde,
          minmay_the_grid_octo_focus,
          minmay_the_grid_square_5x5_megaprize_checkered,
          minmay_the_grid_square_5x5_shuriken, minmay_the_grid_square_5x5_seven,
          minmay_the_grid_square_5x5_gyroscope,
          minmay_the_grid_square_5x5_misaligned], layout_basic, enter_bailey_8,
          the_bakery

Skill      XL: |  1  2  3  4  5  6  7  8 |
---------------+-------------------------+-----
Dodging        | 1 2 3 |  3.5
Axes           | 2 |  2.2
Armour         | 2 3 4 5 |  5.1
Fighting       | 4 5 |  5.1
Short Blades   | 1 2 3 4 |  4.8
Invocations    | 3 4 |  4.8
Shields        | |  0.4
Evocations     | |  0.7

Action                   |  1- 3 |  4- 6 |  7- 9 || total
-------------------------+-------+-------+-------++-------
Melee: Hand axe          |   110 |     7 |       ||   117
       Kick              |    14 |    46 |    81 ||   141
       Short sword       |       |   172 |   337 ||   509
Invok: Depart the Abyss  |     1 |       |       ||     1
       Bend Space        |       |       |     1 ||     1
Evoke: Wand              |     1 |       |     1 ||     2
  Use: Scroll            |     4 |     5 |     2 ||    11
       Potion            |     2 |     2 |     1 ||     5
  Eat: Chunk             |     2 |     8 |    12 ||    22
Armor: Chain mail        |    86 |    58 |       ||   144
       Plate armour      |       |    80 |    11 ||    91
       Leather armour    |       |       |   159 ||   159
Dodge: Dodged            |    36 |    38 |   201 ||   275
Block: Buckler           |       |       |    25 ||    25

Table legend:
 A = Non-vault XP
 B = Vault XP
 C = Vault XP percentage of total XP
 D = Non-vault monster count
 E = Vault monster count
 F = Vault count percentage of total count
                 A         B        C        D         E       F
            +---------+---------+-------+---------+---------+-------
      Total |    2582 |     139 |   5.1 |     138 |      30 |  17.9
            +---------+---------+-------+---------+---------+-------
        D:1 |      41 |       0 |   0.0 |      23 |       0 |   0.0
        D:2 |      84 |       0 |   0.0 |      15 |       0 |   0.0
        D:3 |     203 |       0 |   0.0 |      28 |       0 |   0.0
        D:4 |     422 |       0 |   0.0 |      15 |       0 |   0.0
        D:5 |     989 |       0 |   0.0 |      33 |       0 |   0.0
        D:6 |     631 |      28 |   4.2 |      19 |       3 |  13.6
        D:7 |     212 |       0 |   0.0 |       5 |       0 |   0.0
      Sewer |       0 |     111 | 100.0 |       0 |      27 | 100.0
            +---------+---------+-------+---------+---------+-------
